TOP OF THE 1ST |
Washington (APP) Nationals batting - Pitching for Danville Braves : RHP Iestyn Nicholls
|
Pitching: RHP Iestyn Nicholls
|
|
Batting: RHB Jim Miske
|
0-0: Called Strike 0-1: Ball 1-1: Foul Ball, location: 2F 1-2: Ball 2-2: Foul Ball, location: 2F 2-2: Ground out 5-3 (Groundball, 56S, EV 65.0 MPH)
|
Batting: RHB Steve Bauman
|
0-0: Called Strike 0-1: Ball 1-1: Swinging Strike 1-2: Strikes out swinging
|
Batting: LHB Nate Melendez
|
0-0: Called Strike 0-1: Fly out, F7 (Flyball, 7LS, EV 98.1 MPH)
|
Top of the 1st over - 0 runs, 0 hits, 0 errors, 0 left on base; Washington (APP) 0 - Danville 0 |
BOTTOM OF THE 1ST |
Danville Braves batting - Pitching for Washington (APP) Nationals : RHP Travis Hardin
|
Pitching: RHP Travis Hardin
|
|
Batting: LHB Erik Gretzky
|
0-0: Ball 1-0: Foul Ball, location: 2F 1-1: Ball 2-1: Foul Ball, location: 2F 2-2: Fly out, F8 (Flyball, 8LD, EV 97.5 MPH)
|
Batting: LHB Oke Monti
|
0-0: Called Strike 0-1: Foul Ball, location: 2F 0-2: Ball 1-2: Ball 2-2: Ball 3-2: Foul Ball, location: 2F 3-2: SINGLE (Groundball, 34D, EV 101.2 MPH)
|
Batting: RHB Hisayuki Akiyama
|
0-0: Called Strike 0-1: Called Strike 0-2: Ball 1-2: Ball 2-2: Foul Ball, location: 2F 2-2: Strikes out swinging
|
Batting: LHB Alexis Cantu
|
0-0: Ball 1-0: Foul Ball, location: 2F 1-1: Foul Ball, location: 2F 1-2: Foul Ball, location: 2F 1-2: Strikes out looking
|
Bottom of the 1st over - 0 runs, 1 hit, 0 errors, 1 left on base; Washington (APP) 0 - Danville 0 |
TOP OF THE 2ND |
Washington (APP) Nationals batting - Pitching for Danville Braves : RHP Iestyn Nicholls
|
Batting: RHB Nick Moreno
|
0-0: Foul Ball, location: 2F 0-1: Ground out 5-3 (Groundball, 56S, EV 86.9 MPH)
|
Batting: RHB Gregg Huddleston
|
0-0: Called Strike 0-1: Foul Ball, location: 2F 0-2: Foul Ball, location: 2F 0-2: Foul Ball, location: 2F 0-2: Ball 1-2: Fly out, F7 (Flyball, 7S, EV 91.2 MPH)
|
Batting: RHB Kevin Whitenack
|
0-0: Called Strike 0-1: Ball 1-1: SINGLE (Groundball, 56D, EV 97.5 MPH)
|
Batting: RHB Jon Buscher
|
0-0: Ball 1-0: Called Strike 1-1: Foul Ball, location: 2F 1-2: Strikes out looking
|
Top of the 2nd over - 0 runs, 1 hit, 0 errors, 1 left on base; Washington (APP) 0 - Danville 0 |
BOTTOM OF THE 2ND |
Danville Braves batting - Pitching for Washington (APP) Nationals : RHP Travis Hardin
|
Batting: RHB Ingidayehu Lagat
|
0-0: Fly out, F8 (Flyball, 8LM, EV 85.6 MPH)
|
Batting: RHB Badr al Din Ridha
|
0-0: Ball 1-0: Hit by Pitch
|
Batting: SHB Jordan Barragan
|
0-0: Ball 1-0: Called Strike 1-1: Ball Badr al Din Ridha steals 2nd base (no throw) 2-1: Foul Ball, location: 2F 2-2: Strikes out swinging
|
Batting: SHB Ian Arlotta
|
0-0: Ball 1-0: Foul Ball, location: 2F 1-1: Swinging Strike 1-2: Strikes out swinging
|
Bottom of the 2nd over - 0 runs, 0 hits, 0 errors, 1 left on base; Washington (APP) 0 - Danville 0 |
TOP OF THE 3RD |
Washington (APP) Nationals batting - Pitching for Danville Braves : RHP Iestyn Nicholls
|
Batting: RHB Naofumi Ishida
|
0-0: Foul Ball, location: 2F 0-1: Ball 1-1: Ball 2-1: Swinging Strike 2-2: Foul Ball, location: 2F 2-2: Strikes out swinging
|
Batting: RHB Gabe Almazan
|
0-0: Foul Ball, location: 2F 0-1: Foul Ball, location: 2F 0-2: Strikes out looking
|
Batting: RHB Jim Miske
|
0-0: Ball 1-0: Called Strike 1-1: Foul Ball, location: 2F 1-2: Ground out 6-3 (Groundball, 6, EV 87.5 MPH)
|
Top of the 3rd over - 0 runs, 0 hits, 0 errors, 0 left on base; Washington (APP) 0 - Danville 0 |
BOTTOM OF THE 3RD |
Danville Braves batting - Pitching for Washington (APP) Nationals : RHP Travis Hardin
|
Batting: RHB Adonis Jenifer
|
0-0: Swinging Strike 0-1: Foul Ball, location: 2F 0-2: Foul Ball, location: 2F 0-2: Ball 1-2: Ball 2-2: Ball 3-2: Ground out U3 (Groundball, 34, EV 80.6 MPH)
|
Batting: LHB Erik Gretzky
|
0-0: Foul Ball, location: 2F 0-1: Fly out, F8 (Flyball, 8LD, EV 108.1 MPH)
|
Batting: LHB Oke Monti
|
0-0: Ball 1-0: Ball 2-0: SOLO HOME RUN (Flyball, 7LD, EV 93.1 MPH), Distance : 339 ft
|
Batting: RHB Hisayuki Akiyama
|
0-0: Called Strike 0-1: Ball 1-1: DOUBLE (Groundball, 5L, EV 102.5 MPH)
|
Batting: LHB Alexis Cantu
|
0-0: Swinging Strike 0-1: Ball 1-1: Foul Ball, location: 2F 1-2: DOUBLE (Line Drive, 7LD, EV 108.8 MPH) Hisayuki Akiyama scores
|
Batting: RHB Ingidayehu Lagat
|
0-0: SINGLE (Groundball, 56D, EV 102.5 MPH) Alexis Cantu to third Runner from 3rd tries for Home, SAFE, throw by LF to home
|
Batting: RHB Badr al Din Ridha
|
0-0: Ball 1-0: Ball Passed Ball! Ingidayehu Lagat to second 2-0: Called Strike 2-1: Called Strike 2-2: Foul Ball, location: 2F 2-2: Strikes out looking
|
Bottom of the 3rd over - 3 runs, 4 hits, 0 errors, 1 left on base; Washington (APP) 0 - Danville 3 |
TOP OF THE 4TH |
Washington (APP) Nationals batting - Pitching for Danville Braves : RHP Iestyn Nicholls
|
Batting: RHB Steve Bauman
|
0-0: Foul Ball, location: 2F 0-1: Ball 1-1: Ball 2-1: Called Strike 2-2: Strikes out looking
|
Batting: LHB Nate Melendez
|
0-0: Ground out 4-3 (Groundball, 34, EV 99.4 MPH)
|
Batting: RHB Nick Moreno
|
0-0: Ground out 3-1 (Groundball, 34, EV 105.0 MPH)
|
Top of the 4th over - 0 runs, 0 hits, 0 errors, 0 left on base; Washington (APP) 0 - Danville 3 |
BOTTOM OF THE 4TH |
Danville Braves batting - Pitching for Washington (APP) Nationals : RHP Travis Hardin
|
Batting: SHB Jordan Barragan
|
0-0: Ball 1-0: Ball 2-0: Called Strike 2-1: Ball 3-1: Base on Balls
|
Batting: SHB Ian Arlotta
|
0-0: SINGLE (Flyball, 4D, EV 86.9 MPH) Jordan Barragan to second
|
Batting: RHB Adonis Jenifer
|
0-0: Called Strike 0-1: Ball 1-1: Foul Ball, location: 2F 1-2: Fly out, F8 (Line Drive, 8RD, EV 108.1 MPH)
|
Batting: LHB Erik Gretzky
|
0-0: Swinging Strike 0-1: Foul Ball, location: 2F 0-2: Fly out, F7 (Flyball, 7, EV 81.2 MPH)
|
Batting: LHB Oke Monti
|
0-0: Ball 1-0: SINGLE (Groundball, 3D, EV 101.9 MPH) Jordan Barragan to third Ian Arlotta to second Runner from 3rd tries for Home, throw by RF and OUT! 9-2
|
Bottom of the 4th over - 0 runs, 2 hits, 0 errors, 2 left on base; Washington (APP) 0 - Danville 3 |
TOP OF THE 5TH |
Washington (APP) Nationals batting - Pitching for Danville Braves : RHP Iestyn Nicholls
|
Batting: RHB Gregg Huddleston
|
0-0: SOLO HOME RUN (Flyball, 7D, EV 93.1 MPH), Distance : 347 ft
|
Batting: RHB Kevin Whitenack
|
0-0: Ball 1-0: Ball 2-0: Ball 3-0: Called Strike 3-1: Ground out 5-3 (Groundball, 56, EV 109.4 MPH)
|
Batting: RHB Jon Buscher
|
0-0: Ball 1-0: Ball 2-0: Called Strike 2-1: Swinging Strike 2-2: Foul Ball, location: 2F 2-2: Strikes out swinging
|
Batting: RHB Naofumi Ishida
|
0-0: Fly out, F7 (Flyball, 7, EV 84.4 MPH)
|
Top of the 5th over - 1 run, 1 hit, 0 errors, 0 left on base; Washington (APP) 1 - Danville 3 |
BOTTOM OF THE 5TH |
Danville Braves batting - Pitching for Washington (APP) Nationals : RHP Travis Hardin
|
Pitching: RHP Chris Lawrence
|
|
Batting: RHB Hisayuki Akiyama
|
0-0: Ball 1-0: Called Strike 1-1: SINGLE (Groundball, 56D, EV 100.6 MPH)
|
Batting: LHB Alexis Cantu
|
0-0: Ball 1-0: Foul Ball, location: 2F 1-1: Foul Ball, location: 2F 1-2: Fly out, F8 (Line Drive, 78XD, EV 105.0 MPH)
|
Batting: RHB Ingidayehu Lagat
|
0-0: Ball Hisayuki Akiyama steals 2nd base 1-0: Swinging Strike 1-1: Called Strike 1-2: Strikes out swinging
|
Batting: RHB Badr al Din Ridha
|
0-0: Called Strike Passed Ball! Hisayuki Akiyama to third 0-1: Foul Ball, location: 2F 0-2: Foul Ball, location: 2F 0-2: Strikes out swinging
|
Bottom of the 5th over - 0 runs, 1 hit, 0 errors, 1 left on base; Washington (APP) 1 - Danville 3 |
TOP OF THE 6TH |
Washington (APP) Nationals batting - Pitching for Danville Braves : RHP Iestyn Nicholls
|
Batting: RHB Gabe Almazan
|
0-0: Foul Ball, location: 2F 0-1: Foul Ball, location: 2F 0-2: Strikes out swinging
|
Batting: RHB Jim Miske
|
0-0: Ball 1-0: Ball 2-0: Ball 3-0: Called Strike 3-1: DOUBLE (Line Drive, 8LXD, EV 101.9 MPH) - OUT at third base trying to stretch hit.
|
Batting: RHB Steve Bauman
|
0-0: Ball 1-0: Swinging Strike 1-1: Called Strike 1-2: Strikes out swinging
|
Top of the 6th over - 0 runs, 1 hit, 0 errors, 0 left on base; Washington (APP) 1 - Danville 3 |
BOTTOM OF THE 6TH |
Danville Braves batting - Pitching for Washington (APP) Nationals : RHP Chris Lawrence
|
Batting: SHB Jordan Barragan
|
0-0: Ball 1-0: Ball 2-0: Called Strike 2-1: Foul Ball, location: 2F 2-2: Ball 3-2: Base on Balls
|
Batting: SHB Ian Arlotta
|
0-0: Ball 1-0: Ball Jordan Barragan steals 2nd base (no throw) 2-0: Intentional Walk
|
Batting: RHB Adonis Jenifer
|
0-0: Swinging Strike 0-1: Foul Ball, location: 2F 0-2: Ball 1-2: Ball 2-2: Strikes out swinging
|
Pitching: RHP Halewijn Bos
|
|
Batting: LHB Erik Gretzky
|
0-0: Called Strike Jordan Barragan steals 3rd base 0-1: Called Strike 0-2: Ball 1-2: Ball Ian Arlotta steals 2nd base 2-2: Ball 3-2: Base on Balls
|
Batting: LHB Oke Monti
|
0-0: Foul Ball, location: 2F 0-1: Ball 1-1: Foul Ball, location: 2F 1-2: Foul Ball, location: 2F 1-2: Grounds into fielders choice 6-2 (Groundball, 4, EV 78.1 MPH) Ian Arlotta to third Erik Gretzky to second
|
Batting: RHB Hisayuki Akiyama
|
0-0: Foul Ball, location: 2F 0-1: Ball 1-1: Called Strike 1-2: Ball 2-2: Strikes out swinging
|
Bottom of the 6th over - 0 runs, 0 hits, 0 errors, 3 left on base; Washington (APP) 1 - Danville 3 |
TOP OF THE 7TH |
Washington (APP) Nationals batting - Pitching for Danville Braves : RHP Iestyn Nicholls
|
Batting: LHB Nate Melendez
|
0-0: Swinging Strike 0-1: Called Strike 0-2: Strikes out swinging
|
Batting: RHB Nick Moreno
|
0-0: Foul Ball, location: 2F 0-1: SINGLE (Groundball, 6MD, EV 83.1 MPH) (infield hit)
|
Batting: RHB Gregg Huddleston
|
0-0: Ball 1-0: Called Strike Nick Moreno steals 2nd base 1-1: Ball 2-1: Swinging Strike 2-2: DOUBLE (Line Drive, 5D, EV 99.4 MPH) Nick Moreno scores
|
Batting: RHB Kevin Whitenack
|
0-0: Called Strike 0-1: Ball 1-1: Ball 2-1: Foul Ball, location: 2F 2-2: Strikes out swinging
|
Batting: RHB Jon Buscher
|
0-0: Called Strike 0-1: Called Strike 0-2: Foul Ball, location: 2F 0-2: SINGLE (Groundball, 6MD, EV 102.5 MPH) Gregg Huddleston to third Runner from 3rd tries for Home, throw by CF and OUT! 8-2
|
Top of the 7th over - 1 run, 3 hits, 0 errors, 1 left on base; Washington (APP) 2 - Danville 3 |
BOTTOM OF THE 7TH |
Danville Braves batting - Pitching for Washington (APP) Nationals : RHP Halewijn Bos
|
Pitching: LHP Kevin Besser
|
|
Batting: LHB Alexis Cantu
|
0-0: Called Strike 0-1: Called Strike 0-2: Foul Ball, location: 2F 0-2: Ground out 5-3 (Groundball, 56, EV 89.4 MPH)
|
Pitching: RHP Brian Walker
|
|
Batting: RHB Ingidayehu Lagat
|
0-0: Swinging Strike 0-1: Foul Ball, location: 2F 0-2: Foul Ball, location: 2F 0-2: Ball 1-2: Foul Ball, location: 2F 1-2: Ball 2-2: Ball 3-2: Foul Ball, location: 2F 3-2: Fly out, F3 (Popup, 23F, EV 82.5 MPH)
|
Batting: RHB Badr al Din Ridha
|
0-0: Ball 1-0: Ball 2-0: Fly out, F8 (Flyball, 8LM, EV 84.4 MPH)
|
Bottom of the 7th over - 0 runs, 0 hits, 0 errors, 0 left on base; Washington (APP) 2 - Danville 3 |
TOP OF THE 8TH |
Washington (APP) Nationals batting - Pitching for Danville Braves : RHP Iestyn Nicholls
|
Pitching: RHP Nikita Eliseenko
|
|
Batting: RHB Naofumi Ishida
|
0-0: Ball 1-0: Fly out, F9 (Flyball, 89XD, EV 88.1 MPH)
|
Batting: RHB Gabe Almazan
|
0-0: Fly out, F6 (Popup, 6M, EV 60.6 MPH)
|
Batting: RHB Jim Miske
|
0-0: Called Strike 0-1: Ball 1-1: Ball 2-1: Foul Ball, location: 2F 2-2: Hit by Pitch
|
Batting: RHB Steve Bauman
|
0-0: Ball 1-0: Fielders Choice at 2nd, 6-4 (Groundball, 6, EV 83.8 MPH)
|
Top of the 8th over - 0 runs, 0 hits, 0 errors, 1 left on base; Washington (APP) 2 - Danville 3 |
BOTTOM OF THE 8TH |
Danville Braves batting - Pitching for Washington (APP) Nationals : RHP Brian Walker
|
Batting: SHB Jordan Barragan
|
0-0: Called Strike 0-1: Ball 1-1: Foul Ball, location: 2F 1-2: Ball 2-2: Ball 3-2: Foul Ball, location: 2F 3-2: Base on Balls
|
Batting: SHB Ian Arlotta
|
0-0: Ball Jordan Barragan steals 2nd base 1-0: Intentional Walk
|
Batting: RHB Adonis Jenifer
|
0-0: Ball 1-0: Called Strike 1-1: Swinging Strike 1-2: Ball 2-2: Ball 3-2: Strikes out looking Jordan Barragan steals 3rd base Batter strikes out. Ian Arlotta to second
|
Batting: LHB Erik Gretzky
|
0-0: Ground out 5-3 (Groundball, 56S, EV 84.4 MPH)
|
Batting: LHB Oke Monti
|
0-0: Fly out, F7 (Flyball, 7S, EV 83.1 MPH)
|
Bottom of the 8th over - 0 runs, 0 hits, 0 errors, 2 left on base; Washington (APP) 2 - Danville 3 |
TOP OF THE 9TH |
Washington (APP) Nationals batting - Pitching for Danville Braves : RHP Nikita Eliseenko
|
Batting: LHB Nate Melendez
|
0-0: Ball 1-0: Called Strike 1-1: Foul Ball, location: 2F 1-2: Foul Ball, location: 2F 1-2: Foul Ball, location: 2F 1-2: DOUBLE (Line Drive, 78D, EV 102.5 MPH)
|
Batting: RHB Nick Moreno
|
0-0: Ball 1-0: Foul Ball, location: 2F 1-1: Fly out, F8 (Flyball, 89M, EV 95.6 MPH)
|
Batting: RHB Gregg Huddleston
|
0-0: Ball 1-0: Ground out 6-3 (Groundball, 6, EV 89.4 MPH)
|
Batting: RHB Kevin Whitenack
|
0-0: Called Strike 0-1: Swinging Strike 0-2: Strikes out swinging
|
Top of the 9th over - 0 runs, 1 hit, 0 errors, 1 left on base; Washington (APP) 2 - Danville 3 |
|